 Dungeon Crawl Stone Soup version 0.27-a0-577-ge2a43ba0c9 (webtiles) character file.

Game seed: 16801561237201445586

6 spawnlink3 the Vexing (level 1, -2/13 HPs)
             Began as a Vampire Enchanter on Mar 9, 2021.
             Slain by a kobold
             ... wielding a +0 short sword
              (4 damage)
             ... on level 1 of the Dungeon on Mar 14, 2021.
             The game lasted 00:01:04 (132 turns).

spawnlink3 the Vexing (Vampire Enchanter)            Turns: 132, Time: 00:01:05

Health: -2/13      AC:  2    Str:  7    XL:     1   Next: 75%
Magic:  3/3        EV: 12    Int: 17    God:
Gold:   25         SH:  0    Dex: 14    Spells: 3/4 levels left

rFire    . . .     SeeInvis +   a - +1 dagger
rCold    . . .     Faith    .   (no shield)
rNeg     . . .     Spirit   .   b - +0 robe
rPois    .         Reflect  .   (no helmet)
rElec    .         Harm     .   (no cloak)
rCorr    .         Rampage  .   (no gloves)
Will     .....                  (no boots)
Stlth    +++.......             (no amulet)
HPRegen  0.24/turn              (no ring)
MPRegen  0.08/turn              (no ring)

@: regenerating quickly
A: fangs 3, see invisible, unbreathing 1
a: Exsanguinate


You were on level 1 of the Dungeon.
You visited 1 branch of the dungeon, and saw 1 of its levels.

You collected 25 gold pieces.

Inventory:

Hand Weapons
 a - a +1 dagger (weapon)
Armour
 b - a +0 robe (worn)
Scrolls
 c - 2 scrolls of enchant weapon {unknown}
 d - a scroll of magic mapping {unknown}


   Skills:
 + Level 1.1 Short Blades
 + Level 2.2 Dodging
 + Level 4.6 Stealth
 + Level 2.0 Spellcasting
 + Level 4.6 Hexes


You had 3 spell levels left.
You knew the following spells:

 Your Spells              Type           Power      Damage    Failure   Level
a - Corona                Hex            18%        N/A       2%          1

Your spell library contained the following spells:

 Spells                   Type           Power      Damage    Failure   Level
 Confusing Touch          Hex            17%        N/A       9%          3
 Tukima's Dance           Hex            17%        N/A       9%          3
 Ensorcelled Hibernation  Hex/Ice        18%        N/A       11%         2
 Dazzling Flash           Conj/Hex       18%        N/A       22%         3


Dungeon Overview and Level Annotations

Branches:
Dungeon (1/15)

Altars:


Innate Abilities, Weirdness & Mutations

Your natural rate of healing is unusually fast.
You have razor-sharp teeth.
You have supernaturally acute eyesight. (SInv)
You can survive without breathing.


Message History

Found a spear.
An ooze comes into view.
An ooze is nearby!
The helpless ooze fails to defend itself.
You impale the ooze!!
You kill the ooze!
d - a scroll labelled FOFACE ZAAT You enter the shallow water.
Moving in this stuff is going to be slow.
You enter the shallow water.
Moving in this stuff is going to be slow.
A kobold comes into view. It is wielding a +0 club.
A kobold is nearby!
A hobgoblin comes into view. It is wielding a +0 club.
The hobgoblin shouts!
A frilled lizard comes into view.
A kobold comes into view. It is wielding a +0 short sword.
The kobold shouts!
The hobgoblin hits you with a +0 club.
There are monsters nearby!
The hobgoblin closely misses you. The frilled lizard barely misses you.
A bat comes into view.
The kobold misses you. The kobold barely misses you. The hobgoblin misses you.
The kobold hits you with a +0 short sword.
The kobold hits you with a +0 short sword.
The hobgoblin hits you but does no damage.
The kobold closely misses you.
The kobold hits you with a +0 short sword.
The frilled lizard barely misses you. The hobgoblin barely misses you.
The frilled lizard closely misses you. The frilled lizard bites you.
* * * LOW HITPOINT WARNING * * *
The hobgoblin closely misses you. The kobold barely misses you.
The frilled lizard bites you but does no damage.
The hobgoblin misses you. The kobold misses you. The frilled lizard bites you.
* * * LOW HITPOINT WARNING * * *
The kobold hits you with a +0 short sword.
You die...

#....#.......!..........
###.....................
............###.........
............# #.........
.........#### #......##.
###.......# #.........
.......K..# #.........
#####.lgK.#####.........
#..@.###^########...
#.......###### ##≈..
+.......##...######.≈≈.
#....##..+.>.'.....≈.≈≈
#..#. ###...##....≈..≈
#..... ###.####.≈≈≈..≈
...... #^#.#M##.......
..... #####.####....≈..
#T#...#^##...≈≈..


You could see a hobgoblin, 2 kobolds and a frilled lizard.

Vanquished Creatures
  An ooze (D:1)
  A giant cockroach (D:1)
2 creatures vanquished.

Notes
Turn   | Place    | Note
-------+----------+-------------------------------------------
     0 | D:1      | spawnlink3 the Vampire Enchanter began the quest for the
                  | Orb.
     0 | D:1      | Reached XP level 1. HP: 13/13 MP: 3/3
     0 | D:1      | Noticed a merfolk zombie
     3 | D:1      | Noticed a felid
     3 | D:1      | Noticed a merfolk zombie
     5 | D:1      | Noticed a vampire
    11 | D:1      | Noticed a felid
    13 | D:1      | Noticed a ghoul
    13 | D:1      | Noticed a vine stalker
    15 | D:1      | Noticed a minotaur skeleton
    19 | D:1      | Noticed a troll
   132 | D:1      | Slain by a kobold

Illustrated notes

Levels and vault maps discovered:
D:1:      shiori_arrival_whats_in_store_for_you, layout_basic, serial_rivers,
          chequers_serial_rivers_marsh, chequers_serial_rivers_large_a,
          chequers_serial_rivers_large_b, chequers_serial_rivers_small_b,
          chequers_serial_rivers_micro_c

Action                   || total
-------------------------++-------
Melee: Dagger            ||    10
 Stab: Sleeping          ||     1
Armor: Robe              ||     3
Dodge: Dodged            ||    19

Table legend: (Time is in decaauts)
 A = Elapsed time spent in this place.
 B = Non-inter-level travel time spent in this place.
 C = Inter-level travel time spent in this place.
 D = Time resting spent in this place.
 E = Time spent auto-exploring this place.
 F = Levels seen in this place.
 G = Mean time per level.
                   A        B        C        D        E       F      G
               +--------+--------+--------+--------+--------+-----+--------+
         Total |    133 |    133 |      0 |      0 |     77 |   1 |  133.0 |
       Dungeon |    133 |    133 |      0 |      0 |     77 |   1 |  133.0 |
               +--------+--------+--------+--------+--------+-----+--------+

Top non-repeatable levels by time:
     D:1: 133 daAuts
